 Dungeon Crawl Stone Soup version 0.17.2-1-ge4368a0 (webtiles) character file.

40 ololoev the Chopper (level 3, 0/27 HPs)
             Began as a Demonspawn Gladiator on July 25, 2016.
             Slain by an adder (3 damage)
             ... on level 3 of the Dungeon.
             The game lasted 00:00:35 (68 turns).

ololoev the Chopper (Demonspawn Gladiator)            Turns: 68, Time: 00:00:35

Health: 0/27       AC:  3    Str: 16    XL:     3   Next: 30%
Magic:  3/3        EV: 12    Int:  9    God:
Gold:   0          SH:  0    Dex: 13    Spells: 0 memorised, 2 levels left

rFire  . . .     SeeInvis .     a - +0 war axe
rCold  . . .     Clarity  .     b - +0 leather armour
rNeg   . . .     SustAt   .     (no shield)
rPois  .         Gourm    .     (helmet restricted)
rElec  .         Spirit   .     (no cloak)
rCorr  .         Warding  .     (no gloves)
rMut   .         Stasis   .     (no boots)
MR     .....                    (no amulet)
Stlth  +.........               (no ring)
                                (no ring)

@: lethally poisoned (0 -> -3), not resistant to hostile enchantments, very
unstealthy
A: horns 2
a: no special abilities


Innate Abilities, Weirdness & Mutations

You have a pair of horns on your head.

Inventory:

Hand Weapons
 a - a +0 war axe (weapon)
Missiles
 d - 3 throwing nets (quivered)
Armour
 b - a +0 leather armour (worn)
Scrolls
 f - a scroll of blinking {unknown}
Comestibles
 e - a bread ration


   Skills:
 - Level 2.0 Fighting
 * Level 3.6 Axes
 - Level 1.7 Throwing
 + Level 1.3 Armour
 - Level 2.6 Dodging


You had 2 spell levels left.
You didn't know any spells.


You were on level 3 of the Dungeon.
You were not hungry.

You visited 1 branch of the dungeon, and saw 3 of its levels.

. .. ... #
....#######.#.#
.........<....#
......>hS.....#
.#.###@##.####
#..%†....#
#..#####.# #.
.# # .. .#

Notes
Turn   | Place    | Note
--------------------------------------------------------------
     0 | D:1      | ololoev the Demonspawn Gladiator began the quest for the Orb.
     0 | D:1      | Reached XP level 1. HP: 16/16 MP: 1/1
    51 | D:3      | Noticed a worker ant
    54 | D:3      | Killed a worker ant
    54 | D:3      | Reached skill level 3 in Axes
    54 | D:3      | Reached skill level 1 in Armour
    54 | D:3      | Gained mutation: You have a pair of small horns on your head. [demonic ancestry]
    54 | D:3      | Reached XP level 2. HP: 17/22 MP: 2/2
    59 | D:3      | Gained mutation: You have a pair of horns on your head. [demonic ancestry]
    59 | D:3      | Reached XP level 3. HP: 17/27 MP: 3/3
    68 | D:3      | Slain by an adder

Dungeon Overview and Level Annotations

Branches:
Dungeon (3/15)

Altars:


Message History

An adder comes into view.
You hit the adder but do no damage. Your headbutt misses the adder.
The adder is heavily wounded.
You barely miss the jackal. The adder bites you. The jackal bites you.
The adder bites you. The jackal closely misses you.
Unknown command.
You hit the adder but do no damage.
The adder is heavily wounded.
You completely miss the jackal.
You feel sick. The jackal closely misses you. The adder misses you.
The adder closely misses you. The jackal barely misses you.
Unknown command.
You barely miss the adder.
You headbutt the adder, but do no damage.
The adder is heavily wounded.
You closely miss the jackal. The jackal bites you.
The adder closely misses you.
Unknown command.
You hit the adder.
The adder is heavily wounded.
You hit the jackal.
The jackal is lightly wounded.
You miss the adder.
You feel sick. The jackal closely misses you. The adder closely misses you.
The adder barely misses you.
The jackal bites you but does no damage.
The adder misses you. The adder completely misses you.
Unknown command.
You closely miss the adder. You headbutt the adder.
You kill the adder!
You hit the jackal but do no damage.
The jackal is lightly wounded.
You barely miss the adder. The jackal closely misses you.
The adder barely misses you. The jackal misses you.
Unknown command.
Unknown command.
You aren't carrying any potions.
You closely miss the adder. You closely miss the jackal.
The jackal is lightly wounded.
The adder bites you.
You die...

You could see an adder and a jackal.

Vanquished Creatures
  A worker ant (D:3)
  An adder (D:3)
  4 jackals (D:3)
6 creatures vanquished.

Action                   || total
-------------------------++-------
Melee: War axe           ||    14

Vault maps used:
D:1:      dpeg_arrival_lava_temple_mockup
D:2:      kennysheep_generic_room_9
D:3:      nemelex_deck, lemuel_crystal_altar, first_bread, lemuel_flame_loot_1
